 Dungeon Crawl Stone Soup version 0.20.1-1-g8b1a95d (console) character file.

427 Gakens the Covered (level 7, -1/52 HPs)
             Began as a Human Fighter on Dec 8, 2017.
             Succumbed to a killer bee's poison
             ... on level 4 of the Dungeon on Dec 9, 2017.
             The game lasted 00:56:18 (4358 turns).

Gakens the Covered (Human Fighter)                  Turns: 4358, Time: 00:56:19

Health: -1/52      AC:  9    Str: 16 (17) XL:     7   Next: 18%
Magic:  7/7        EV:  5    Int: 14      God:
Gold:   80         SH:  9    Dex: 13      Spells: 6/6 levels left

rFire    . . .     SeeInvis .   h - +0 short sword (holy)
rCold    . . .     Gourm    .   c - +0 shield
rNeg     . . .     Faith    .   s - +0 chain mail
rPois    .         Spirit   .   (no helmet)
rElec    .         Reflect  .   (no cloak)
rCorr    .         Harm     .   (no gloves)
MR       .....                  (no boots)
Stlth    ..........             (no amulet)
Regen    0.2/turn               (no ring)
MPRegen  0.1/turn               (no ring)

@: brilliant, lethally poisoned (-1 -> -25)
A: fangs 1, blurry vision 1
a: no special abilities


You were on level 4 of the Dungeon.
You were not hungry.

You visited 1 branch of the dungeon, and saw 4 of its levels.

You collected 80 gold pieces.

Inventory:

Hand Weapons
 h - a +0 short sword of holy wrath (weapon)
Armour
 c - a +0 shield (worn)
 s - a +0 chain mail (worn)
Wands
 t - a wand of acid (3/15)
Scrolls
 b - 2 scrolls of amnesia
 j - a scroll of immolation
 k - 7 scrolls of remove curse
 m - 2 scrolls of magic mapping {unknown}
 p - a scroll of fog {unknown}
 r - a scroll of fear {unknown}
 w - 4 scrolls of identify
 x - a scroll of recharging {unknown}
Potions
 i - a potion of agility {unknown}
 n - a potion of berserk rage {unknown}
 q - a potion of haste {unknown}
 u - a potion of lignification {unknown}
 v - 2 potions of curing {unknown}
Books
 l - a book of Minor Magic

   Spells                             Type                      Level
   a - Magic Dart                     Conjuration                  1
   b - Blink                          Translocation                2
   c - Call Imp                       Summoning                    2
   d - Slow                           Hexes                        2
   e - Conjure Flame                  Conjuration/Fire             3
   f - Mephitic Cloud                 Conjuration/Poison/Air       3


   Skills:
 + Level 3.4 Fighting
 + Level 4.0 Short Blades
 + Level 5.1 Armour
 + Level 1.6 Dodging
 + Level 0.4 Stealth
 + Level 4.4 Shields


You had 6 spell levels left.
You didn't know any spells.

Dungeon Overview and Level Annotations

Branches:
Dungeon (4/15)
 Temple: D:4-7

Altars:


Innate Abilities, Weirdness & Mutations

You have very sharp teeth.
Scrolls take you a little longer to read.


Message History

* * * LOW HITPOINT WARNING * * *
You feel sick. The killer bee stings you.
* * * LOW HITPOINT WARNING * * *
The killer bee stings you.
* * * LOW HITPOINT WARNING * * *
You bump into the rock wall.
* * * LOW HITPOINT WARNING * * *
You feel sick. The killer bee stings you.
* * * LOW HITPOINT WARNING * * *
You are more poisoned.
The killer bee poisons you! The killer bee stings you.
* * * LOW HITPOINT WARNING * * *
You bump into the rock wall.
You feel less invigorated.
You feel less confused.
* * * LOW HITPOINT WARNING * * *
You feel sick. The killer bee stings you.
* * * LOW HITPOINT WARNING * * *
The killer bee stings you.
* * * LOW HITPOINT WARNING * * *
You die...

.. ##...#.#
y.y##......#
y..'.......#
#.....# ... ##.yy##
... ##S## ... #y#
#'# ##.## #.# #@..#
#.# #.#.#
##.#######..$#
##)........#.## .##
#.....###..#.#
.....##...####..#.#
#...........#..#.#
...#.###..##......#
# #..####..###


You could see 3 killer bees and an adder.

Vanquished Creatures
  A sky beast (D:4)
  A black bear (D:3)
  An ogre (D:4)
  An orc wizard (D:3)
  A gnoll (D:1)
  6 adders
  2 worms (D:2)
  8 orcs (D:3)
  2 bats (D:1)
  8 giant cockroaches
  4 goblins
  5 hobgoblins
  4 jackals (D:1)
  12 kobolds
  7 frilled lizards
  6 rats
69 creatures vanquished.

Notes
Turn   | Place    | Note
-------+----------+-------------------------------------------
     0 | D:1      | Gakens the Human Fighter began the quest for the Orb.
     0 | D:1      | Reached XP level 1. HP: 18/18 MP: 1/1
    88 | D:1      | Reached XP level 2. HP: 7/24 MP: 2/2
   893 | D:1      | Reached XP level 3. HP: 26/29 MP: 3/3
  1036 | D:1      | Gained mutation: You have a pair of small horns on your head. [potion of mutation]
  1036 | D:1      | Gained mutation: Your mind is acute. (Int +2) [potion of mutation]
  1036 | D:1      | Gained mutation: Your mind is very acute. (Int +4) [potion of mutation]
  1036 | D:1      | Gained mutation: You are partially covered in thin metallic scales. (AC +2) [potion of mutation]
  1342 | D:2      | Reached XP level 4. HP: 34/35 MP: 4/4
  1539 | D:2      | Reached skill level 4 in Armour
  2232 | D:3      | Found a glowing drain.
  2721 | D:3      | Noticed a black bear
  2740 | D:3      | Killed a black bear
  2740 | D:3      | Reached skill level 1 in Dodging
  2740 | D:3      | Reached XP level 5. HP: 16/41 MP: 5/5
  2797 | D:3      | Reached XP level 6. HP: 36/47 MP: 6/6
  3589 | D:4      | Noticed a sky beast
  3927 | D:4      | Killed a sky beast
  3935 | D:4      | Gained mutation: Your body sometimes deteriorates upon taking damage. [mutagenic meat]
  4017 | D:4      | Noticed an ogre
  4032 | D:4      | Killed an ogre
  4032 | D:4      | Reached skill level 5 in Armour
  4032 | D:4      | Reached XP level 7. HP: 19/52 MP: 7/7
  4355 | D:4      | Lost mutation: Your mind is very acute. (Int +4) [potion of mutation]
  4355 | D:4      | Lost mutation: Your body sometimes deteriorates upon taking damage. [potion of mutation]
  4355 | D:4      | Lost mutation: You are partially covered in thin metallic scales. (AC +2) [potion of mutation]
  4355 | D:4      | Lost mutation: You have a pair of small horns on your head. [potion of mutation]
  4355 | D:4      | Lost mutation: Your mind is acute. (Int +2) [potion of mutation]
  4355 | D:4      | Gained mutation: Scrolls take you a little longer to read. [potion of mutation]
  4355 | D:4      | Gained mutation: You have very sharp teeth. [potion of mutation]
  4356 | D:4      | HP: 1/52 [killer bee (3)]
  4358 | D:4      | Succumbed to a killer bee's poison

Skill      XL: |  1  2  3  4  5  6  7 |
---------------+----------------------+-----
Armour         | 4 5 |  5.1
Short Blades   | 3 4 |  4.0
Dodging        | 1 |  1.6
Shields        | 4 |  4.4
Fighting       | |  3.4
Stealth        | |  0.4

Action                   |  1- 3 |  4- 6 |  7- 9 || total
-------------------------+-------+-------+-------++-------
Melee: Short sword       |   102 |   240 |    20 ||   362
       Rapier            |     9 |       |       ||     9
       Hunting sling     |    14 |       |       ||    14
       Headbutt          |     8 |    34 |     1 ||    43
  Use: Scroll            |     3 |     2 |       ||     5
       Potion            |     3 |     3 |     3 ||     9
  Eat: Bread ration      |     1 |     1 |       ||     2
       Royal jelly       |       |     1 |       ||     1
       Chunk             |       |     4 |       ||     4
Armor: Scale mail        |    70 |    26 |       ||    96
       Chain mail        |       |   121 |    14 ||   135
Dodge: Dodged            |    50 |    55 |     5 ||   110
Block: Shield            |    75 |   109 |    13 ||   197
